Bruins vs Capitals

Created - March 16 2012 at 19:37

Goals
1 2 3 T
Bruins 2 0 0 2
Capitals 2 0 1 3
Shots
1 2 3 T
Bruins 17 7 19 43
Capitals 14 11 7 32

Period #1

1. Capitals , David Desharnais 12 (Alexander Semin, Tomas Fleischmann) at 5:38
2. Bruins , Milan Lucic 22 (Nathan Horton, Patrice Bergeron) at 13:12
3. Capitals , Jeff Halpern 12 (Taylor Hall) at 13:33
4. Bruins , Milan Lucic 23 (Jordan Leopold, Nathan Horton) at 16:31 (PP)

Penalties :
Marc Methot (WSH) for Boarding (Minor) at 15:03, Douglas Murray (WSH) for High sticking (Minor) at 19:57

Period #2

No Goal

Penalties :
Ryane Clowe (WSH) for Hooking (Minor) at 1:07, Chris Kelly (BOS) for Boarding (Minor) at 9:56, Ryan McDonagh (WSH) for High sticking (Minor) at 16:01, Ryane Clowe (WSH) for Tripping (Minor) at 19:11

Period #3

5. Capitals , Willie Mitchell 9 (Alexander Semin, Tomas Fleischmann) at 5:58

Penalties :
Ryane Clowe (WSH) for Interference (Minor) at 2:08, Alexander Ovechkin (WSH) for High sticking (Minor) at 9:16, David Desharnais (WSH) for Slashing (Minor) at 11:51

Goalie Stats

Cam Ward (BOS), 29 saves from 32 shots - (0.906), L, 39-19-1, 59:35 minutes
Jimmy Howard (WSH), 41 saves from 43 shots - (0.953), W, 42-17-3, 60:00 minutes

Players Stats

Bruins
Player Name              G  A  P  +/- PIM S  H  SB FO    MP 
------------------------------------------------------------
Adam McQuaid             0  0  0   0  0   1  1  2  0/0   15 
Ales Hemsky              0  0  0  -2  0   7  0  0  0/2   20 
Brad Marchand            0  0  0   0  0   0  2  0  0/2   14 
Chris Kelly              0  0  0  -1  2   2  0  0  9/17  13 
Chris Kunitz             0  0  0  -2  0   4  1  0  3/3   21 
David Krejci             0  0  0  -2  0   0  0  1  25/33 22 
Dennis Seidenberg        0  0  0   0  0   4  3  3  0/0   24 
Derick Brassard          0  0  0   0  0   2  0  0  4/17  13 
Evander Kane             0  0  0   0  0   2  3  0  0/1   12 
Jordan Leopold           0  1  1  -2  0   5  3  0  0/0   20 
Milan Lucic              2  0  2   1  0   4  1  0  1/1   13 
Nathan Horton            0  2  2   1  0   0  0  0  0/0   13 
Patrice Bergeron         0  1  1   1  0   0  0  0  5/10  7  
Rich Peverley            0  0  0  -1  0   2  1  0  1/3   13 
Tobias Enstrom           0  0  0  -2  0   3  2  0  0/0   20 
Tyler Seguin             0  0  0  -1  0   2  0  0  7/12  18 
Zach Bogosian            0  0  0   0  0   0  3  2  0/0   15 
Zdeno Chara              0  0  0   0  0   5  1  0  0/0   25 
Capitals
Player Name              G  A  P  +/- PIM S  H  SB FO    MP 
------------------------------------------------------------
Alexander Ovechkin       0  0  0  -1  2   4  4  0  0/3   24 
Alexander Semin          0  2  2   2  0   5  1  0  1/2   19 
Alexei Kovalev           0  0  0   0  0   0  0  0  0/1   7  
David Desharnais         1  0  1   2  2   4  0  0  22/40 21 
Douglas Murray           0  0  0   2  2   0  2  0  0/0   14 
Jeff Halpern             1  0  1   1  0   4  0  1  9/26  20 
Kimmo Timonen            0  0  0  -1  0   2  1  3  0/0   23 
Marc Methot              0  0  0   1  2   1  2  1  0/0   14 
Mathieu Perreault        0  0  0   0  0   0  0  0  0/0   0  
Matt Stajan              0  0  0  -1  0   0  0  0  9/19  18 
Mike Green               0  0  0  -1  0   2  0  0  0/0   20 
Ryan McDonagh            0  0  0   1  2   0  1  3  0/0   20 
Ryane Clowe              0  0  0  -1  6   2  1  0  3/5   16 
Steve Eminger            0  0  0   0  0   0  1  0  0/0   6  
Taylor Hall              0  1  1   1  0   4  1  0  2/3   14 
Tomas Fleischmann        0  2  2   2  0   2  1  0  0/1   15 
Trent Hunter             0  0  0   1  0   0  5  0  0/1   12 
Willie Mitchell          1  0  1   2  0   2  1  1  0/0   22 

3 Stars

1 - Milan Lucic (BOS)
2 - Willie Mitchell (WSH)
3 - Alexander Semin (WSH)

Power Play

Bruins - 1 on 8 Attempt(s) - 12.50%
Capitals - 0 on 1 Attempt(s) - 0.00%

Penalty Kill

Bruins - 1 on 1 Attempt(s) - 100.00% - Score 0 goal in Penalty Kill
Capitals - 7 on 8 Attempt(s) - 87.50% - Score 0 goal in Penalty Kill

Game Notes

No Game Note

Finance

Level 1 -- Attendance: 5330 (82.00%) -- Ticket Income $533,000.00
Level 2 -- Attendance: 3709 (74.18%) -- Ticket Income $222,540.00
Level 3 -- Attendance: 2983 (85.23%) -- Ticket Income $104,405.00
Level 4 -- Attendance: 2532 (94.76%) -- Ticket Income $50,640.00
Luxury Box -- Attendance: 859 (85.90%) -- Ticket Income $171,800.00
Game was played at the Verizon Center
Total Attendance: 15413 (82.55%)
Total Ticket Income: $1,128,694.00
Other Income: $213,731.70
Total Income: $1,342,426.00


Play by Play

Period #1

0:01 of 1st period - Ryane Clowe wins face-off versus Patrice Bergeron in neutral zone.
0:40 of 1st period - Shot by Alexander Ovechkin.
0:40 of 1st period - Stopped by Cam Ward without a rebound.
0:41 of 1st period - David Krejci wins face-off versus David Desharnais in Bruins zone.
0:56 of 1st period - Shot by David Krejci.
0:56 of 1st period - Shot Blocked by Willie Mitchell.
0:59 of 1st period - Icing by Willie Mitchell.
1:00 of 1st period - David Desharnais wins face-off versus Derick Brassard in Capitals zone.
1:17 of 1st period - Shot by Alexander Semin.
1:17 of 1st period - Stopped by Cam Ward without a rebound.
1:18 of 1st period - Chris Kelly wins face-off versus Jeff Halpern in Bruins zone.
1:18 of 1st period - Chris Kelly is hit by Trent Hunter.
1:41 of 1st period - Tyler Seguin is hit by Marc Methot and loses puck.
2:23 of 1st period - Shot by Alexander Ovechkin.
2:23 of 1st period - Shot Misses the Net.
2:25 of 1st period - Shot by Ryane Clowe.
2:25 of 1st period - Shot Blocked by Adam McQuaid.
2:27 of 1st period - Shot by Kimmo Timonen.
2:27 of 1st period - Stopped by Cam Ward without a rebound.
2:28 of 1st period - David Krejci wins face-off versus David Desharnais in Bruins zone.
3:08 of 1st period - Icing by Willie Mitchell.
3:09 of 1st period - David Desharnais wins face-off versus Derick Brassard in Capitals zone.
3:09 of 1st period - David Desharnais is hit by Brad Marchand.
3:26 of 1st period - Icing by Willie Mitchell.
3:27 of 1st period - David Desharnais wins face-off versus Patrice Bergeron in Capitals zone.
4:04 of 1st period - Shot by Alexander Ovechkin.
4:04 of 1st period - Shot Blocked by Dennis Seidenberg.
4:06 of 1st period - Shot by Alexander Ovechkin.
4:06 of 1st period - Deflect By Ryane Clowe.
4:06 of 1st period - Shot Blocked by Dennis Seidenberg.
4:08 of 1st period - Shot by Mike Green.
4:08 of 1st period - Stopped by Cam Ward without a rebound.
4:09 of 1st period - Jeff Halpern wins face-off versus David Krejci in Bruins zone.
4:28 of 1st period - Shot by Chris Kunitz.
4:28 of 1st period - Shot Misses the Net.
4:37 of 1st period - Shot by Jeff Halpern.
4:37 of 1st period - Shot Blocked by David Krejci.
4:39 of 1st period - Shot by Taylor Hall.
4:39 of 1st period - Shot Misses the Net.
4:41 of 1st period - Shot by Marc Methot.
4:41 of 1st period - Stopped by Cam Ward with a rebound.
5:12 of 1st period - Shot by Evander Kane.
5:12 of 1st period - Stopped by Jimmy Howard with a rebound.
5:14 of 1st period - Shot by Brad Marchand.
5:14 of 1st period - Shot Misses the Net.
5:16 of 1st period - Shot by Zdeno Chara.
5:16 of 1st period - Stopped by Jimmy Howard without a rebound.
5:17 of 1st period - David Desharnais wins face-off versus Rich Peverley in Capitals zone.
5:32 of 1st period - Shot by David Desharnais.
5:32 of 1st period - Shot Misses the Net.
5:36 of 1st period - Shot by Alexander Semin.
5:36 of 1st period - Shot Misses the Net.
5:38 of 1st period - Shot by David Desharnais.
5:38 of 1st period - Goal by David Desharnais - Bruins : 0 - Capitals : 1.
5:39 of 1st period - Matt Stajan wins face-off versus Derick Brassard in neutral zone.
6:40 of 1st period - Shot by Rich Peverley.
6:40 of 1st period - Shot Blocked by Ryan McDonagh.
6:42 of 1st period - Shot by Chris Kelly.
6:42 of 1st period - Stopped by Jimmy Howard with a rebound.
6:44 of 1st period - Shot by Chris Kelly.
6:44 of 1st period - Stopped by Jimmy Howard without a rebound.
6:45 of 1st period - Chris Kunitz wins face-off versus David Desharnais in Capitals zone.
6:49 of 1st period - Chris Kunitz is hit by Douglas Murray.
7:09 of 1st period - Shot by Ales Hemsky.
7:09 of 1st period - Stopped by Jimmy Howard without a rebound.
7:10 of 1st period - Jeff Halpern wins face-off versus Chris Kelly in Capitals zone.
7:23 of 1st period - Shot by Rich Peverley.
7:23 of 1st period - Shot Misses the Net.
7:42 of 1st period - Shot by Tyler Seguin.
7:42 of 1st period - Shot Misses the Net.
7:46 of 1st period - Shot by Chris Kelly.
7:46 of 1st period - Deflect By Tyler Seguin.
7:46 of 1st period - Shot Blocked by Marc Methot.
7:55 of 1st period - Taylor Hall is hit by Tobias Enstrom and loses puck.
8:03 of 1st period - Icing by Tobias Enstrom.
8:04 of 1st period - David Krejci wins face-off versus Matt Stajan in Bruins zone.
8:17 of 1st period - Shot by Alexander Ovechkin.
8:17 of 1st period - Deflect By Ryane Clowe.
8:17 of 1st period - Stopped by Cam Ward with a rebound.
8:21 of 1st period - Shot by Mike Green.
8:21 of 1st period - Stopped by Cam Ward without a rebound.
8:22 of 1st period - David Desharnais wins face-off versus Derick Brassard in Bruins zone.
8:22 of 1st period - Alexander Semin is hit by Zdeno Chara and loses puck.
8:33 of 1st period - Shot by Evander Kane.
8:33 of 1st period - Stopped by Jimmy Howard without a rebound.
8:34 of 1st period - Matt Stajan wins face-off versus Evander Kane in Capitals zone.
8:34 of 1st period - Matt Stajan is hit by Evander Kane.
8:39 of 1st period - Icing by Kimmo Timonen.
8:40 of 1st period - David Krejci wins face-off versus Alexander Ovechkin in Capitals zone.
8:53 of 1st period - Shot by Alexander Ovechkin.
8:53 of 1st period - Stopped by Cam Ward with a rebound.
8:57 of 1st period - Shot by Alexander Ovechkin.
8:57 of 1st period - Shot Misses the Net.
8:59 of 1st period - Shot by Alexander Ovechkin.
8:59 of 1st period - Shot Misses the Net.
9:02 of 1st period - Alexei Kovalev is hit by Jordan Leopold and loses puck.
10:07 of 1st period - Shot by Derick Brassard.
10:07 of 1st period - Shot Misses the Net.
10:47 of 1st period - Shot by Tyler Seguin.
10:47 of 1st period - Shot Hit the Post.
11:16 of 1st period - Icing by Adam McQuaid.
11:17 of 1st period - Chris Kelly wins face-off versus Matt Stajan in Bruins zone.
11:42 of 1st period - Shot by David Krejci.
11:42 of 1st period - Shot Misses the Net.
12:15 of 1st period - Icing by Mike Green.
12:16 of 1st period - Ryane Clowe wins face-off versus Derick Brassard in Capitals zone.
13:10 of 1st period - Shot by Patrice Bergeron.
13:10 of 1st period - Deflect By Milan Lucic.
13:10 of 1st period - Stopped by Jimmy Howard with a rebound.
13:12 of 1st period - Shot by Nathan Horton.
13:12 of 1st period - Deflect By Milan Lucic.
13:12 of 1st period - Goal by Milan Lucic - Bruins : 1 - Capitals : 1.
13:13 of 1st period - Chris Kelly wins face-off versus David Desharnais in neutral zone.
13:21 of 1st period - Off-side.
13:22 of 1st period - David Krejci wins face-off versus Jeff Halpern in neutral zone.
13:33 of 1st period - Shot by Jeff Halpern.
13:33 of 1st period - Goal by Jeff Halpern - Bruins : 1 - Capitals : 2.
13:34 of 1st period - Patrice Bergeron wins face-off versus Tomas Fleischmann in neutral zone.
13:53 of 1st period - Shot by Patrice Bergeron.
13:53 of 1st period - Shot Misses the Net.
13:59 of 1st period - Shot by David Desharnais.
13:59 of 1st period - Stopped by Cam Ward without a rebound.
14:00 of 1st period - David Krejci wins face-off versus Jeff Halpern in Bruins zone.
14:00 of 1st period - Ales Hemsky is hit by Taylor Hall and loses puck.
14:06 of 1st period - Taylor Hall is hit by Jordan Leopold and loses puck.
14:12 of 1st period - Icing by Tobias Enstrom.
14:13 of 1st period - David Krejci wins face-off versus Trent Hunter in Bruins zone.
14:17 of 1st period - Off-side.
14:18 of 1st period - David Desharnais wins face-off versus Chris Kelly in neutral zone.
14:50 of 1st period - Shot by Alexander Semin.
14:50 of 1st period - Stopped by Cam Ward without a rebound.
14:51 of 1st period - Chris Kunitz wins face-off versus Jeff Halpern in Bruins zone.
14:58 of 1st period - Shot by Ales Hemsky.
14:58 of 1st period - Stopped by Jimmy Howard with a rebound.
15:02 of 1st period - Shot by Jordan Leopold.
15:02 of 1st period - Stopped by Jimmy Howard with a rebound.
15:03 of 1st period - Minor Penalty to Marc Methot for Boarding.
15:04 of 1st period - David Krejci wins face-off versus Jeff Halpern in Capitals zone.
15:07 of 1st period - Shot by Chris Kunitz.
15:07 of 1st period - Stopped by Jimmy Howard with a rebound.
15:16 of 1st period - Icing by David Krejci.
15:17 of 1st period - David Desharnais wins face-off versus David Krejci in Bruins zone.
16:01 of 1st period - Off-side.
16:02 of 1st period - Jeff Halpern wins face-off versus Tyler Seguin in neutral zone.
16:27 of 1st period - Shot by Jordan Leopold.
16:27 of 1st period - Shot Blocked by Jeff Halpern.
16:31 of 1st period - Shot by Milan Lucic.
16:31 of 1st period - Goal by Milan Lucic - Bruins : 2 - Capitals : 2.
16:32 of 1st period - David Desharnais wins face-off versus Derick Brassard in neutral zone.
16:55 of 1st period - Shot by Tomas Fleischmann.
16:55 of 1st period - Stopped by Cam Ward with a rebound.
17:37 of 1st period - Shot by Taylor Hall.
17:37 of 1st period - Shot Misses the Net.
17:40 of 1st period - Trent Hunter is hit by Tobias Enstrom and loses puck.
18:37 of 1st period - Shot by Dennis Seidenberg.
18:37 of 1st period - Stopped by Jimmy Howard with a rebound.
18:41 of 1st period - Shot by Rich Peverley.
18:41 of 1st period - Stopped by Jimmy Howard without a rebound.
18:42 of 1st period - David Desharnais wins face-off versus Patrice Bergeron in Capitals zone.
18:54 of 1st period - Shot by Alexander Semin.
18:54 of 1st period - Shot Misses the Net.
18:58 of 1st period - Shot by David Desharnais.
18:58 of 1st period - Stopped by Cam Ward without a rebound.
18:59 of 1st period - Chris Kelly wins face-off versus Matt Stajan in Bruins zone.
19:04 of 1st period - Mike Green is hit by Rich Peverley and loses puck.
19:13 of 1st period - Shot by Tyler Seguin.
19:13 of 1st period - Stopped by Jimmy Howard without a rebound.
19:14 of 1st period - Jeff Halpern wins face-off versus Derick Brassard in Capitals zone.
19:14 of 1st period - Jeff Halpern is hit by Evander Kane.
19:20 of 1st period - Shot by Jeff Halpern.
19:20 of 1st period - Shot Misses the Net.
19:40 of 1st period - Shot by Derick Brassard.
19:40 of 1st period - Shot Misses the Net.
19:48 of 1st period - Shot by Derick Brassard.
19:48 of 1st period - Stopped by Jimmy Howard with a rebound.
19:50 of 1st period - Shot by Derick Brassard.
19:50 of 1st period - Stopped by Jimmy Howard without a rebound.
19:51 of 1st period - David Krejci wins face-off versus David Desharnais in Capitals zone.
19:55 of 1st period - Icing by Douglas Murray.
19:56 of 1st period - David Krejci wins face-off versus David Desharnais in Capitals zone.
19:56 of 1st period - David Krejci is hit by Douglas Murray.
19:57 of 1st period - Minor Penalty to Douglas Murray for High sticking.
19:58 of 1st period - Tyler Seguin wins face-off versus David Desharnais in Capitals zone.

Period #2

0:01 of 2nd period - David Krejci wins face-off versus Jeff Halpern in neutral zone.
1:00 of 2nd period - Shot by Dennis Seidenberg.
1:00 of 2nd period - Shot Misses the Net.
1:07 of 2nd period - Minor Penalty to Ryane Clowe for Hooking.
1:08 of 2nd period - Tyler Seguin wins face-off versus David Desharnais in Capitals zone.
1:16 of 2nd period - Shot by Nathan Horton.
1:16 of 2nd period - Shot Misses the Net.
1:18 of 2nd period - Shot by Dennis Seidenberg.
1:18 of 2nd period - Stopped by Jimmy Howard without a rebound.
1:19 of 2nd period - David Desharnais wins face-off versus Tyler Seguin in Capitals zone.
2:00 of 2nd period - Shot by Ales Hemsky.
2:00 of 2nd period - Stopped by Jimmy Howard with a rebound.
2:02 of 2nd period - Shot by Chris Kunitz.
2:02 of 2nd period - Shot Blocked by Kimmo Timonen.
2:04 of 2nd period - Shot by Zdeno Chara.
2:04 of 2nd period - Stopped by Jimmy Howard without a rebound.
2:05 of 2nd period - David Krejci wins face-off versus David Desharnais in Capitals zone.
2:22 of 2nd period - Shot by Tobias Enstrom.
2:22 of 2nd period - Stopped by Jimmy Howard without a rebound.
2:23 of 2nd period - Jeff Halpern wins face-off versus David Krejci in Capitals zone.
2:40 of 2nd period - Shot by Ales Hemsky.
2:40 of 2nd period - Shot Misses the Net.
2:51 of 2nd period - Icing by David Krejci.
2:52 of 2nd period - David Krejci wins face-off versus David Desharnais in Bruins zone.
4:54 of 2nd period - Taylor Hall is hit by Dennis Seidenberg and loses puck.
5:06 of 2nd period - Shot by Taylor Hall.
5:06 of 2nd period - Shot Misses the Net.
5:09 of 2nd period - Icing by Jordan Leopold.
5:10 of 2nd period - David Desharnais wins face-off versus Patrice Bergeron in Bruins zone.
5:10 of 2nd period - Alexander Semin is hit by Dennis Seidenberg and loses puck.
5:37 of 2nd period - Shot by David Desharnais.
5:37 of 2nd period - Deflect By Tomas Fleischmann.
5:37 of 2nd period - Stopped by Cam Ward without a rebound.
5:38 of 2nd period - Derick Brassard wins face-off versus Jeff Halpern in Bruins zone.
5:47 of 2nd period - Shot by Zdeno Chara.
5:47 of 2nd period - Stopped by Jimmy Howard without a rebound.
5:48 of 2nd period - David Krejci wins face-off versus Taylor Hall in Capitals zone.
5:55 of 2nd period - Shot by Jordan Leopold.
5:55 of 2nd period - Stopped by Jimmy Howard without a rebound.
5:56 of 2nd period - David Desharnais wins face-off versus Chris Kelly in Capitals zone.
7:20 of 2nd period - Shot by Jeff Halpern.
7:20 of 2nd period - Stopped by Cam Ward without a rebound.
7:21 of 2nd period - Matt Stajan wins face-off versus David Krejci in Bruins zone.
7:32 of 2nd period - Shot by Chris Kunitz.
7:32 of 2nd period - Stopped by Jimmy Howard with a rebound.
8:12 of 2nd period - Shot by Taylor Hall.
8:12 of 2nd period - Stopped by Cam Ward without a rebound.
8:13 of 2nd period - David Desharnais wins face-off versus Chris Kelly in Bruins zone.
8:39 of 2nd period - Shot by Tomas Fleischmann.
8:39 of 2nd period - Shot Blocked by Dennis Seidenberg.
8:41 of 2nd period - Shot by Alexander Semin.
8:41 of 2nd period - Stopped by Cam Ward without a rebound.
8:42 of 2nd period - Jeff Halpern wins face-off versus Derick Brassard in Bruins zone.
8:46 of 2nd period - Taylor Hall is hit by Zach Bogosian and loses puck.
8:57 of 2nd period - Shot by Taylor Hall.
8:57 of 2nd period - Stopped by Cam Ward with a rebound.
9:01 of 2nd period - Shot by Jeff Halpern.
9:01 of 2nd period - Shot Misses the Net.
9:03 of 2nd period - Shot by Jeff Halpern.
9:03 of 2nd period - Stopped by Cam Ward with a rebound.
9:05 of 2nd period - Shot by Taylor Hall.
9:05 of 2nd period - Stopped by Cam Ward without a rebound.
9:06 of 2nd period - Patrice Bergeron wins face-off versus Matt Stajan in Bruins zone.
9:06 of 2nd period - Patrice Bergeron is hit by Alexander Ovechkin.
9:22 of 2nd period - Icing by Kimmo Timonen.
9:23 of 2nd period - David Krejci wins face-off versus Matt Stajan in Capitals zone.
9:27 of 2nd period - Icing by Ryane Clowe.
9:28 of 2nd period - Matt Stajan wins face-off versus Rich Peverley in Capitals zone.
9:41 of 2nd period - Dennis Seidenberg is hit by Ryane Clowe.
9:56 of 2nd period - Minor Penalty to Chris Kelly for Boarding.
9:57 of 2nd period - Patrice Bergeron wins face-off versus Matt Stajan in Bruins zone.
11:39 of 2nd period - Shot by Marc Methot.
11:39 of 2nd period - Shot Misses the Net.
11:43 of 2nd period - Shot by Willie Mitchell.
11:43 of 2nd period - Shot Misses the Net.
11:45 of 2nd period - Shot by Willie Mitchell.
11:45 of 2nd period - Stopped by Cam Ward without a rebound.
11:46 of 2nd period - Taylor Hall wins face-off versus Patrice Bergeron in Bruins zone.
12:08 of 2nd period - Off-side.
12:09 of 2nd period - David Desharnais wins face-off versus Chris Kelly in neutral zone.
12:36 of 2nd period - Icing by Willie Mitchell.
12:37 of 2nd period - David Desharnais wins face-off versus Derick Brassard in Capitals zone.
12:37 of 2nd period - David Desharnais is hit by Evander Kane.
13:02 of 2nd period - Taylor Hall is hit by Zach Bogosian and loses puck.
13:09 of 2nd period - Shot by Taylor Hall.
13:09 of 2nd period - Shot Misses the Net.
13:13 of 2nd period - Shot by Jeff Halpern.
13:13 of 2nd period - Shot Misses the Net.
13:15 of 2nd period - Shot by Marc Methot.
13:15 of 2nd period - Shot Misses the Net.
13:17 of 2nd period - Shot by Taylor Hall.
13:17 of 2nd period - Shot Blocked by Zach Bogosian.
13:28 of 2nd period - Icing by Evander Kane.
13:29 of 2nd period - Matt Stajan wins face-off versus Derick Brassard in Bruins zone.
13:36 of 2nd period - Shot by Alexander Ovechkin.
13:36 of 2nd period - Shot Misses the Net.
13:38 of 2nd period - Shot by Kimmo Timonen.
13:38 of 2nd period - Stopped by Cam Ward without a rebound.
13:39 of 2nd period - David Krejci wins face-off versus Matt Stajan in Bruins zone.
13:51 of 2nd period - Icing by Kimmo Timonen.
13:52 of 2nd period - Chris Kelly wins face-off versus Alexei Kovalev in Capitals zone.
14:01 of 2nd period - Shot by Alexander Ovechkin.
14:01 of 2nd period - Stopped by Cam Ward without a rebound.
14:02 of 2nd period - Alexander Semin wins face-off versus David Krejci in Bruins zone.
14:44 of 2nd period - Icing by Tobias Enstrom.
14:45 of 2nd period - David Krejci wins face-off versus Matt Stajan in Bruins zone.
15:40 of 2nd period - Shot by Taylor Hall.
15:40 of 2nd period - Shot Misses the Net.
16:01 of 2nd period - Minor Penalty to Ryan McDonagh for High sticking.
16:02 of 2nd period - David Desharnais wins face-off versus David Krejci in Capitals zone.
18:30 of 2nd period - Adam McQuaid is hit by Alexander Ovechkin and loses puck.
18:56 of 2nd period - Taylor Hall is hit by Dennis Seidenberg and loses puck.
19:05 of 2nd period - Shot by Taylor Hall.
19:05 of 2nd period - Stopped by Cam Ward without a rebound.
19:06 of 2nd period - Ryane Clowe wins face-off versus Chris Kelly in Bruins zone.
19:06 of 2nd period - Ryane Clowe is hit by Adam McQuaid.
19:10 of 2nd period - Shot by Alexander Semin.
19:10 of 2nd period - Shot Misses the Net.
19:11 of 2nd period - Minor Penalty to Ryane Clowe for Tripping.
19:12 of 2nd period - David Desharnais wins face-off versus Tyler Seguin in Capitals zone.

Period #3

0:01 of 3rd period - David Krejci wins face-off versus Jeff Halpern in neutral zone.
0:20 of 3rd period - Shot by Tobias Enstrom.
0:20 of 3rd period - Shot Blocked by Ryan McDonagh.
0:27 of 3rd period - Icing by Chris Kunitz.
0:28 of 3rd period - David Krejci wins face-off versus David Desharnais in Bruins zone.
0:30 of 3rd period - Icing by Chris Kunitz.
0:31 of 3rd period - David Krejci wins face-off versus Jeff Halpern in Bruins zone.
0:48 of 3rd period - Shot by Zdeno Chara.
0:48 of 3rd period - Shot Misses the Net.
1:28 of 3rd period - Chris Kelly is hit by Trent Hunter.
1:34 of 3rd period - Shot by Rich Peverley.
1:34 of 3rd period - Stopped by Jimmy Howard without a rebound.
1:35 of 3rd period - David Desharnais wins face-off versus Derick Brassard in Capitals zone.
1:40 of 3rd period - Shot by Alexander Semin.
1:40 of 3rd period - Deflect By David Desharnais.
1:40 of 3rd period - Shot Blocked by Zach Bogosian.
1:42 of 3rd period - Shot by Douglas Murray.
1:42 of 3rd period - Deflect By David Desharnais.
1:42 of 3rd period - Stopped by Cam Ward with a rebound.
1:53 of 3rd period - Icing by Zdeno Chara.
1:54 of 3rd period - Derick Brassard wins face-off versus Ryane Clowe in Bruins zone.
1:54 of 3rd period - Zdeno Chara is hit by Alexander Ovechkin and loses puck.
2:08 of 3rd period - Minor Penalty to Ryane Clowe for Interference.
2:09 of 3rd period - Tyler Seguin wins face-off versus David Desharnais in Capitals zone.
2:09 of 3rd period - Tyler Seguin is hit by Willie Mitchell.
2:13 of 3rd period - Shot by Milan Lucic.
2:13 of 3rd period - Stopped by Jimmy Howard without a rebound.
2:14 of 3rd period - David Desharnais wins face-off versus Tyler Seguin in Capitals zone.
2:41 of 3rd period - Shot by Jordan Leopold.
2:41 of 3rd period - Stopped by Jimmy Howard with a rebound.
2:43 of 3rd period - Shot by Dennis Seidenberg.
2:43 of 3rd period - Stopped by Jimmy Howard without a rebound.
2:44 of 3rd period - David Krejci wins face-off versus Jeff Halpern in Capitals zone.
3:10 of 3rd period - Icing by Tobias Enstrom.
3:11 of 3rd period - David Desharnais wins face-off versus Ales Hemsky in Bruins zone.
3:44 of 3rd period - Icing by Zdeno Chara.
3:45 of 3rd period - David Krejci wins face-off versus David Desharnais in Bruins zone.
3:45 of 3rd period - David Krejci is hit by Alexander Semin.
4:29 of 3rd period - Shot by Tyler Seguin.
4:29 of 3rd period - Shot Blocked by Kimmo Timonen.
4:31 of 3rd period - Shot by Adam McQuaid.
4:31 of 3rd period - Stopped by Jimmy Howard without a rebound.
4:32 of 3rd period - Derick Brassard wins face-off versus Jeff Halpern in Capitals zone.
4:51 of 3rd period - Shot by Taylor Hall.
4:51 of 3rd period - Shot Misses the Net.
4:55 of 3rd period - Shot by Ryan McDonagh.
4:55 of 3rd period - Shot Misses the Net.
4:57 of 3rd period - Shot by Marc Methot.
4:57 of 3rd period - Shot Misses the Net.
5:03 of 3rd period - Jordan Leopold is hit by Trent Hunter and loses puck.
5:18 of 3rd period - Icing by Willie Mitchell.
5:19 of 3rd period - Chris Kelly wins face-off versus David Desharnais in Capitals zone.
5:24 of 3rd period - Shot by Dennis Seidenberg.
5:24 of 3rd period - Stopped by Jimmy Howard without a rebound.
5:25 of 3rd period - Rich Peverley wins face-off versus Ryane Clowe in Capitals zone.
5:48 of 3rd period - Shot by Ryane Clowe.
5:48 of 3rd period - Shot Blocked by Adam McQuaid.
5:50 of 3rd period - Shot by Ryane Clowe.
5:50 of 3rd period - Stopped by Cam Ward without a rebound.
5:51 of 3rd period - David Desharnais wins face-off versus Ales Hemsky in Bruins zone.
5:56 of 3rd period - Shot by Alexander Semin.
5:56 of 3rd period - Stopped by Cam Ward with a rebound.
5:58 of 3rd period - Shot by Willie Mitchell.
5:58 of 3rd period - Goal by Willie Mitchell - Bruins : 2 - Capitals : 3.
5:59 of 3rd period - Patrice Bergeron wins face-off versus David Desharnais in neutral zone.
6:28 of 3rd period - Shot by Milan Lucic.
6:28 of 3rd period - Shot Misses the Net.
6:50 of 3rd period - Shot by Chris Kunitz.
6:50 of 3rd period - Shot Misses the Net.
6:52 of 3rd period - Shot by Chris Kunitz.
6:52 of 3rd period - Shot Misses the Net.
7:37 of 3rd period - Off-side.
7:38 of 3rd period - Matt Stajan wins face-off versus Brad Marchand in neutral zone.
7:38 of 3rd period - Matt Stajan is hit by Brad Marchand.
7:42 of 3rd period - Shot by Alexander Ovechkin.
7:42 of 3rd period - Stopped by Cam Ward with a rebound.
7:54 of 3rd period - Shot by Derick Brassard.
7:54 of 3rd period - Shot Misses the Net.
8:05 of 3rd period - Evander Kane is hit by Kimmo Timonen.
8:07 of 3rd period - Shot by Zdeno Chara.
8:07 of 3rd period - Stopped by Jimmy Howard without a rebound.
8:08 of 3rd period - Chris Kelly wins face-off versus Jeff Halpern in Capitals zone.
8:14 of 3rd period - Rich Peverley is hit by Marc Methot and loses puck.
8:25 of 3rd period - Shot by Tyler Seguin.
8:25 of 3rd period - Stopped by Jimmy Howard without a rebound.
8:26 of 3rd period - David Krejci wins face-off versus Matt Stajan in Capitals zone.
8:29 of 3rd period - Shot by Jordan Leopold.
8:29 of 3rd period - Shot Misses the Net.
8:31 of 3rd period - Shot by Chris Kunitz.
8:31 of 3rd period - Stopped by Jimmy Howard without a rebound.
8:32 of 3rd period - David Krejci wins face-off versus Jeff Halpern in Capitals zone.
8:37 of 3rd period - Shot by Ales Hemsky.
8:37 of 3rd period - Deflect By Chris Kunitz.
8:37 of 3rd period - Shot Misses the Net.
8:47 of 3rd period - Shot by Ales Hemsky.
8:47 of 3rd period - Stopped by Jimmy Howard without a rebound.
8:48 of 3rd period - Matt Stajan wins face-off versus Chris Kelly in Capitals zone.
9:04 of 3rd period - Icing by Dennis Seidenberg.
9:05 of 3rd period - Chris Kelly wins face-off versus Jeff Halpern in Bruins zone.
9:07 of 3rd period - Icing by Tyler Seguin.
9:08 of 3rd period - Matt Stajan wins face-off versus Chris Kelly in Bruins zone.
9:16 of 3rd period - Minor Penalty to Alexander Ovechkin for High sticking.
9:17 of 3rd period - Chris Kunitz wins face-off versus Jeff Halpern in Capitals zone.
9:18 of 3rd period - Shot by David Krejci.
9:18 of 3rd period - Shot Misses the Net.
9:20 of 3rd period - Shot by Zdeno Chara.
9:20 of 3rd period - Shot Misses the Net.
9:26 of 3rd period - Shot by Chris Kunitz.
9:26 of 3rd period - Stopped by Jimmy Howard with a rebound.
9:28 of 3rd period - Shot by Ales Hemsky.
9:28 of 3rd period - Stopped by Jimmy Howard without a rebound.
9:29 of 3rd period - Tyler Seguin wins face-off versus Jeff Halpern in Capitals zone.
10:32 of 3rd period - Shot by Chris Kunitz.
10:32 of 3rd period - Shot Misses the Net.
10:34 of 3rd period - Shot by Tobias Enstrom.
10:34 of 3rd period - Shot Blocked by Kimmo Timonen.
10:38 of 3rd period - Shot by Ales Hemsky.
10:38 of 3rd period - Stopped by Jimmy Howard with a rebound.
10:40 of 3rd period - Shot by Zdeno Chara.
10:40 of 3rd period - Shot Misses the Net.
10:42 of 3rd period - Shot by Zdeno Chara.
10:42 of 3rd period - Stopped by Jimmy Howard with a rebound.
10:44 of 3rd period - Shot by Tobias Enstrom.
10:44 of 3rd period - Stopped by Jimmy Howard without a rebound.
10:45 of 3rd period - Milan Lucic wins face-off versus David Desharnais in Capitals zone.
10:50 of 3rd period - Shot by Jordan Leopold.
10:50 of 3rd period - Stopped by Jimmy Howard without a rebound.
10:51 of 3rd period - David Krejci wins face-off versus David Desharnais in Capitals zone.
10:51 of 3rd period - Chris Kunitz is hit by Ryan McDonagh and loses puck.
11:03 of 3rd period - Shot by Chris Kunitz.
11:03 of 3rd period - Deflect By Ales Hemsky.
11:03 of 3rd period - Shot Blocked by Ryan McDonagh.
11:05 of 3rd period - Shot by Tobias Enstrom.
11:05 of 3rd period - Stopped by Jimmy Howard without a rebound.
11:06 of 3rd period - Jeff Halpern wins face-off versus Tyler Seguin in Capitals zone.
11:16 of 3rd period - Dennis Seidenberg is hit by Steve Eminger and loses puck.
11:43 of 3rd period - Icing by Zdeno Chara.
11:44 of 3rd period - Taylor Hall wins face-off versus Derick Brassard in Bruins zone.
11:48 of 3rd period - Icing by Zach Bogosian.
11:49 of 3rd period - Derick Brassard wins face-off versus David Desharnais in Bruins zone.
11:51 of 3rd period - Minor Penalty to David Desharnais for Slashing.
11:52 of 3rd period - Tyler Seguin wins face-off versus Alexander Ovechkin in Capitals zone.
11:53 of 3rd period - Shot by Jordan Leopold.
11:53 of 3rd period - Stopped by Jimmy Howard without a rebound.
11:54 of 3rd period - Tyler Seguin wins face-off versus Alexander Ovechkin in Capitals zone.
12:09 of 3rd period - Milan Lucic is hit by Alexander Ovechkin and loses puck.
12:17 of 3rd period - Icing by Nathan Horton.
12:18 of 3rd period - Tyler Seguin wins face-off versus Alexander Semin in Bruins zone.
13:10 of 3rd period - Shot by Ales Hemsky.
13:10 of 3rd period - Stopped by Jimmy Howard without a rebound.
13:11 of 3rd period - Jeff Halpern wins face-off versus David Krejci in Capitals zone.
13:11 of 3rd period - Jeff Halpern is hit by Chris Kunitz.
14:28 of 3rd period - Icing by Dennis Seidenberg.
14:29 of 3rd period - Chris Kelly wins face-off versus Jeff Halpern in Bruins zone.
14:44 of 3rd period - Zdeno Chara is hit by Trent Hunter and loses puck.
15:40 of 3rd period - Icing by Chris Kunitz.
15:41 of 3rd period - David Desharnais wins face-off versus David Krejci in Bruins zone.
16:08 of 3rd period - Jordan Leopold is hit by Tomas Fleischmann.
16:41 of 3rd period - Alexander Ovechkin is hit by Zach Bogosian and loses puck.
17:50 of 3rd period - Zdeno Chara is hit by Trent Hunter and loses puck.
17:57 of 3rd period - Shot by Taylor Hall.
17:57 of 3rd period - Shot Misses the Net.
18:10 of 3rd period - Marc Methot is hit by Milan Lucic and loses puck.
18:54 of 3rd period - Shot by Tomas Fleischmann.
18:54 of 3rd period - Deflect By Alexander Semin.
18:54 of 3rd period - Stopped by Cam Ward with a rebound.
18:59 of 3rd period - Icing by Rich Peverley.
19:00 of 3rd period - Jeff Halpern wins face-off versus Derick Brassard in Bruins zone.
19:00 of 3rd period - Alexander Ovechkin is hit by Jordan Leopold and loses puck.
19:03 of 3rd period - Shot by Jeff Halpern.
19:03 of 3rd period - Stopped by Cam Ward without a rebound.
19:04 of 3rd period - Matt Stajan wins face-off versus Brad Marchand in Bruins zone.
19:35 of 3rd period - Bruins, Cam Ward is pulled from the net.
19:40 of 3rd period - Icing by Ryan McDonagh.
19:41 of 3rd period - Patrice Bergeron wins face-off versus Matt Stajan in Capitals zone.


Output by the SimonT Hockey Simulator (STHS) for Stephane Roy -- Original Page W3C XHTML 1.0 Valid